 Dungeon Crawl Stone Soup version 0.23-a0-704-g7fdf9c5 (webtiles) character file.

26324 galech the Cleaver (level 12, -4/96 HPs)
             Began as a Demonspawn Fighter on Jan 14, 2019.
             Was the Champion of Okawaru.
             Slain by a stone giant (20 damage)
             ... on level 2 of the Orcish Mines.
             The game lasted 00:23:10 (20637 turns).

galech the Cleaver (Demonspawn Fighter)            Turns: 20637, Time: 00:23:11

Health: -4/96      AC: 20    Str: 17    XL:     12   Next: 97%
Magic:  4/4        EV: 10    Int:  9    God:    Okawaru [******]
Gold:   1118       SH: 12    Dex: 22    Spells: 11/11 levels left

rFire    . . .     SeeInvis .   t - +6 war axe (antimagic)
rCold    . . .     Gourm    .   c - +0 shield
rNeg     . . .     Faith    .   N - +3 chain mail {rPois}
rPois    +         Spirit   .   n - +0 helmet
rElec    .         Reflect  .   (no cloak)
rCorr    .         Harm     .   i - +0 pair of gloves
MR       +....                  F - +2 pair of boots {Stlth+}
Stlth    ++........             (no amulet)
HPRegen  0.26/turn              v - ring of protection from magic
MPRegen  0.09/turn              y - +1 ring of evasion

@: no status effects
A: talons 2, thin skeletal structure 2, demonic guardian 1, spiny 1
a: Heroism, Finesse, Renounce Religion


You were on level 2 of the Orcish Mines.
You worshipped Okawaru.
Okawaru was exalted by your worship.
You were not hungry.

You visited 2 branches of the dungeon, and saw 14 of its levels.
You also visited: Ice Cave.

You collected 1118 gold pieces.

Inventory:

Hand Weapons
 t - a +6 antimagic war axe (weapon)
 M - a +1 war axe of venom
Armour
 b - a +0 scale mail
 c - a +0 shield (worn)
 i - a +0 pair of gloves (worn)
 n - a +0 helmet (worn)
 F - a +2 pair of boots of stealth (worn)
 H - a +0 plate armour
 J - the +1 pair of boots of the Gardener {Dex+2}
   (You found it in an ice cave)

   It affects your dexterity (+2).
 L - a +2 robe of cold resistance
 N - a +3 chain mail of poison resistance (worn)
Jewellery
 v - a ring of protection from magic (left hand)
 y - a +1 ring of evasion (right hand)
Wands
 a - a wand of random effects (20)
 A - a wand of digging (2)
 B - a wand of paralysis (14)
Scrolls
 d - 8 scrolls of remove curse
 j - 8 scrolls of teleportation
 k - 8 scrolls of identify
 m - 4 scrolls of random uselessness
 s - a scroll of magic mapping
 u - 3 scrolls of enchant armour {unknown}
 w - a scroll of fog {unknown}
 x - 3 scrolls of amnesia {unknown}
 C - 3 scrolls of noise {unknown}
 E - a scroll of silence {unknown}
 G - a scroll of blinking {unknown}
Potions
 e - a potion of degeneration {unknown}
 g - a potion of resistance {unknown}
 h - 2 potions of invisibility {unknown}
 l - 6 potions of curing
 o - 3 potions of lignification {unknown}
 p - 2 potions of agility
 q - a potion of mutation {unknown}
 r - a potion of might
 z - 2 potions of flight {unknown}
 D - 2 potions of ambrosia {unknown}
 I - a potion of heal wounds
Comestibles
 f - 22 rations
 K - 16 chunks of flesh


   Skills:
 + Level 9.4 Fighting
 + Level 12.9 Axes
 + Level 9.0 Armour
 + Level 4.3 Dodging
 + Level 5.1 Stealth
 + Level 8.4 Shields
 + Level 2.3 Invocations


You had 11 spell levels left.
You didn't know any spells.
Your spell library contained the following spells:

 Spells                   Type           Power        Failure   Level  Hunger
 Magic Dart               Conj           #...         100%        1    ##.....
 Summon Butterflies       Summ           #.......     100%        1    ##.....
 Blink                    Tloc           N/A          100%        2    ###....
 Call Imp                 Summ           #.......     100%        2    ###....
 Searing Ray              Conj           #.....       100%        2    ###....
 Slow                     Hex            #.......     100%        2    ###....
 Call Canine Familiar     Summ           #.......     100%        3    ####...
 Conjure Flame            Conj/Fire      #.......     100%        3    ####...
 Dazzling Spray           Conj/Hex       #.....       100%        3    ####...
 Mephitic Cloud           Conj/Pois/Air  #.......     100%        3    ####...
 Force Lance              Conj/Tloc      #.......     100%        4    #####..
 Fulminant Prism          Conj/Hex       #.........   100%        4    #####..
 Iskenderun's Mystic Bla  Conj           #.......     100%        4    #####..
 Leda's Liquefaction      Hex/Erth       #.........   100%        4    #####..
 Summon Ice Beast         Ice/Summ       #.......     100%        4    #####..
 Bolt of Magma            Conj/Fire/Erth #.........   100%        5    ######.
 Summon Mana Viper        Hex/Summ       #.......     100%        5    ######.
 Iron Shot                Conj/Erth      #.........   100%        6    #######
 Statue Form              Tmut/Erth      #........    100%        6    #######
 Summon Hydra             Summ           #.........   100%        7    #######
 Shatter                  Erth           #.........   100%        9    #######


Dungeon Overview and Level Annotations

Branches:
Dungeon (12/15)            Temple (0/1) D:7            Lair (0/6) D:8
    Orc (2/2) D:12            Elf (0/3) Orc:2

Altars:
Cheibriados
Elyvilon
Makhleb
Okawaru
Qazlal
Trog
Vehumet
Xom
Yredelemnul
The Shining One

Shops:
D:6 **(*


Innate Abilities, Weirdness & Mutations

You have razor-sharp toenails.
You have a moderately thin skeletal structure. (Dex +4, Stealth+)
A weak demonic guardian rushes to your aid.
You are partially covered in sharp spines.


Message History

Your quasit bites the stone giant.
Your quasit claws the stone giant but does no damage. x2
Unknown command.
You barely miss the stone giant.
The stone giant is severely wounded.
You block the stone giant's attack.
Your quasit bites the stone giant but does no damage.
Your quasit claws the stone giant but does no damage. x2
You catch the helpless stone giant completely off-guard!
You slash the stone giant!
The stone giant is severely wounded.
Your quasit bites the stone giant.
Your quasit claws the stone giant but does no damage. x2
You block the stone giant's attack.
Your quasit bites the stone giant but does no damage.
Your quasit claws the stone giant but does no damage. x2
You slash the stone giant!
The stone giant is almost dead.
The stone giant hits you!!
You die...

##............##
#.. #.....#.....##
.#..#####......>###
#.....#.#....#.##
.........##..###
........##....#
#......#....##
#....#..###
#..C@(..#
###..5..##
#......##
......#### ......
....#. #..$# #..


You could see a stone giant and a friendly quasit.

Vanquished Creatures
  Saint Roka (Orc:2)
  Kirke (D:12)
  An orc warlord (Orc:1)
  Josephine (Orc:1)
  A two-headed ogre (D:11)
  3 death yaks (D:8)
  An unseen horror (D:11)
  A necromancer (IceCv)
  2 ice statues (IceCv)
  6 ice devils (IceCv)
  A red devil (D:8)
  2 trolls
  A hornet (D:11)
  4 hippogriffs
  A vampire (D:10)
  5 yaks
  Sigmund (D:2)
  6 wraiths
  Edmund (D:4)
  2 wargs (Orc:1)
  11 ice beasts
  5 phantoms
  4 sky beasts
  A black bear (D:10)
  9 ogres
  13 orc warriors
  An eye of draining (D:12)
  A hornet zombie (D:10)
  11 centaurs
  3 big kobolds
  6 bullfrogs
  2 gnoll sergeants
  2 wyvern zombies
  2 wyvern skeletons
  A scorpion (D:8)
  A water moccasin skeleton (D:8)
  13 killer bees (D:11)
  13 wights
  A howler monkey (D:12)
  2 crimson imps
  3 bullfrog zombies
  3 draconian simulacra (IceCv)
  4 hounds
  6 jellies
  11 orc wizards
  8 orc priests
  A gnoll shaman (D:7)
  An iguana (D:7)
  3 centaur skeletons
  Ijyb (D:5)
  5 worker ants
  A troll simulacrum (IceCv)
  A spriggan simulacrum (IceCv)
  6 ogre zombies (D:12)
  A centaur simulacrum (IceCv)
  4 hound skeletons
  2 worker ant zombies
  12 adders
  17 gnolls
  2 naga simulacra (IceCv)
  2 ogre simulacra (IceCv)
  3 shadow imps
  6 oozes
  3 adder skeletons
  3 worms
  2 dart slugs (D:1)
  3 leopard geckos
  46 orcs
  3 ball pythons
  4 giant cockroaches
  6 goblins
  3 hobgoblins
  9 jackals
  5 quokkas
  10 bats
  4 frilled lizards
  2 goblin zombies (D:12)
  2 hobgoblin zombies (D:12)
  2 jackal skeletons
  22 kobolds
  2 orc skeletons (D:12)
  A quokka skeleton (D:6)
  A quokka zombie (D:6)
  7 rats
387 creatures vanquished.

Vanquished Creatures (collateral kills)
  A centaur skeleton (D:10)
  A red devil (D:8)
  A hippogriff (D:11)
  2 yaks (D:10)
  2 centaurs
  5 ogres
  An eye of draining (D:3)
  A wight (D:12)
  A howler monkey (D:12)
  2 orc priests
  4 gnolls
  2 adders
  2 orcs
  A kobold (D:9)
26 creatures vanquished.

Vanquished Creatures (others)
  3 humans (D:12)
  An orc wizard (D:8)
  A quokka (D:12)
5 creatures vanquished.

Grand Total: 418 creatures vanquished

Notes
Turn   | Place    | Note
-------+----------+-------------------------------------------
     0 | D:1      | galech the Demonspawn Fighter began the quest for the Orb.
     0 | D:1      | Reached XP level 1. HP: 18/18 MP: 1/1
   156 | D:1      | Gained mutation: You have a somewhat thin skeletal
                  | structure. (Dex +2, Stealth) [demonic ancestry]
   156 | D:1      | Reached XP level 2. HP: 21/24 MP: 2/2
   196 | D:1      | Reached skill level 2 in Axes
   489 | D:1      | Reached XP level 3. HP: 22/29 MP: 3/3
  1087 | D:2      | Reached XP level 4. HP: 35/35 MP: 4/4
  1201 | D:2      | Noticed Sigmund
  1212 | D:2      | Killed Sigmund
  1212 | D:2      | Reached skill level 3 in Axes
  1212 | D:2      | Gained mutation: A weak demonic guardian rushes to your
                  | aid. [demonic ancestry]
  1212 | D:2      | Reached XP level 5. HP: 26/42 MP: 5/5
  1303 | D:2      | Reached skill level 4 in Axes
  1568 | D:2      | Gained mutation: You have a moderately thin skeletal
                  | structure. (Dex +4, Stealth+) [demonic ancestry]
  1568 | D:2      | Reached XP level 6. HP: 38/48 MP: 6/6
  1795 | D:3      | Reached skill level 1 in Dodging
  2429 | D:3      | Found a bloodstained altar of Trog.
  2438 | D:3      | Reached skill level 1 in Stealth
  2943 | D:4      | Noticed Edmund
  2964 | D:4      | Killed Edmund
  2964 | D:4      | Reached XP level 7. HP: 22/54 MP: 2/7
  3145 | D:4      | Reached skill level 5 in Axes
  3625 | D:4      | Found a snail-covered altar of Cheibriados.
  3680 | D:4      | Found an iron altar of Okawaru.
  3696 | D:4      | Became a worshipper of Warmaster Okawaru
  3704 | D:4      | Reached XP level 8. HP: 27/61 MP: 2/8
  4103 | D:5      | Entered Level 5 of the Dungeon
  4119 | D:5      | Reached skill level 6 in Axes
  4327 | D:5      | Noticed Ijyb
  4340 | D:5      | Killed Ijyb
  4447 | D:5      | Found a shimmering altar of Xom.
  4504 | D:5      | Found a radiant altar of Vehumet.
  4543 | D:5      | Reached skill level 5 in Fighting
  4691 | D:5      | Noticed a hippogriff
  4698 | D:5      | Killed a hippogriff
  4698 | D:5      | Reached * piety under Okawaru
  4823 | D:5      | Found a stormy altar of Qazlal.
  4959 | D:6      | Reached skill level 7 in Axes
  5045 | D:6      | Found Olokh's General Store.
  5199 | D:6      | Found Aneoth's Weapon Emporium.
  5230 | D:6      | Reached skill level 5 in Armour
  5380 | D:6      | Found a glowing golden altar of the Shining One.
  5562 | D:6      | Reached XP level 9. HP: 24/68 MP: 3/9
  5783 | D:6      | Found Eddugaq's General Store.
  5868 | D:6      | Found Cenaitoo's Assorted Antiques.
  6403 | D:7      | Reached ** piety under Okawaru
  6635 | D:7      | Found a basalt altar of Yredelemnul.
  6758 | D:7      | Reached skill level 8 in Axes
  6808 | D:7      | Found a staircase to the Ecumenical Temple.
  7426 | D:8      | Noticed a hell beast
  7429 | D:8      | Noticed a red devil
  7429 | D:8      | Noticed a red devil
  7430 | D:8      | Noticed a rust devil
  7431 | D:8      | Found a burning altar of Makhleb.
  7457 | D:8      | HP: 2/69 [red devil/+0 trident (6)]
  7780 | D:8      | Killed a red devil
  7911 | D:7      | Reached skill level 5 in Shields
  8114 | D:8      | Killed a red devil
  8114 | D:8      | Reached *** piety under Okawaru
  8149 | D:8      | Noticed a death yak
  8150 | D:8      | Found a staircase to the Lair.
  8150 | D:8      | Noticed a death yak
  8151 | D:8      | Noticed a death yak
  8372 | D:8      | Killed a death yak
  8372 | D:8      | Gained mutation: You have sharp toenails. [demonic
                  | ancestry]
  8372 | D:8      | Reached XP level 10. HP: 71/77 MP: 2/10
  8634 | D:8      | Killed a death yak
  8634 | D:8      | Reached skill level 9 in Axes
  9782 | D:8      | Reached **** piety under Okawaru
 10165 | D:8      | Killed a death yak
 10879 | D:9      | Reached skill level 10 in Axes
 11780 | D:10     | Entered Level 10 of the Dungeon
 11819 | D:10     | Gained mutation: You have razor-sharp toenails. [demonic
                  | ancestry]
 11819 | D:10     | Reached XP level 11. HP: 63/84 MP: 3/11
 11820 | D:10     | Reached ***** piety under Okawaru
 12249 | D:10     | Found a white marble altar of Elyvilon.
 14222 | D:11     | Noticed a two-headed ogre
 14230 | D:11     | Killed a two-headed ogre
 14472 | D:11     | Killed an unseen horror
 15446 | D:11     | Reached skill level 11 in Axes
 15450 | D:11     | Reached ****** piety under Okawaru
 15750 | D:11     | Noticed a two-headed ogre
 16187 | D:12     | Noticed Kirke
 16272 | D:12     | Noticed a harpy
 16272 | D:12     | Noticed a harpy
 16280 | D:12     | Killed Kirke
 16280 | D:12     | Received a gift from Okawaru
 16393 | D:12     | Noticed a six-headed hydra
 16417 | D:12     | Found a frozen archway.
 16484 | D:12     | Gained mutation: You are partially covered in sharp spines.
                  | [demonic ancestry]
 16484 | D:12     | Reached XP level 12. HP: 35/94 MP: 4/12
 16494 | IceCv    | Entered an ice cave
 17048 | IceCv    | Reached skill level 1 in Invocations
 17929 | IceCv    | Got a pair of steaming boots
 17942 | IceCv    | Identified the +1 pair of boots of the Gardener {Dex+2}
                  | (You found it in an ice cave)
 18168 | IceCv    | Reached skill level 12 in Axes
 18374 | D:12     | Found a staircase to the Orcish Mines.
 18411 | Orc:1    | Entered Level 1 of the Orcish Mines
 18630 | Orc:1    | Noticed Josephine
 18642 | Orc:1    | Killed Josephine
 18822 | Orc:2    | Entered Level 2 of the Orcish Mines
 18824 | Orc:2    | Noticed Saint Roka
 19127 | Orc:1    | Reached skill level 5 in Stealth
 19937 | Orc:2    | Killed Saint Roka
 19937 | Orc:2    | Received a gift from Okawaru
 20219 | Orc:2    | Noticed an orc warlord
 20243 | Orc:1    | Killed an orc warlord
 20601 | Orc:2    | Found a staircase to the Elven Halls.
 20619 | Orc:2    | Noticed a stone giant
 20637 | Orc:2    | Slain by a stone giant

Vault maps used:
D:1:      wheals_arrival_linesprint
D:2:      first_ration, minmay_crystal_water, solitary_fountain, uniq_sigmund
D:3:      trog_eyes_of_draining
D:4:      cheibriados_altar_1, lemuel_coloured_pillars_altar, uniq_edmund
D:5:      nicolae_overflow_crystal_walls, basic_altar,
          nicolae_qazlal_eye_of_the_storm, uniq_ijyb
D:6:      tso_metal_star, serial_shops, nicolae_shop_behind_doors, shop, shop,
          shop, minmay_checkerbox
D:7:      yredelemnul_altar_generic, minmay_temple_entry_trees
D:8:      dpeg_lair_monsters, serial_glass, glass_columns_b, glass_columns_c,
          hangedman_little_slice_of_home, lemuel_hellish_altar
D:10:     chequers_serial_rivers_marsh, minivault_27, elyvilon_altar_5
D:12:     zombieorc2_lemuel, portal_ice_cave_entry_ice_beasts, uniq_kirke
Orc:1:    uniq_josephine
Orc:2:    pf_orc_diabolical, uniq_saint_roka
IceCv:    ice_cave_tombish

Skill      XL: |  1  2  3  4  5  6  7  8  9 10 11 12 |
---------------+-------------------------------------+-----
Axes           | 2 3 4 5 7 8 10 11 12 | 12.9
Shields        | 3 4 5 6 7 8 |  8.4
Armour         | 3 4 5 6 7 8 9 |  9.0
Fighting       | 4 5 6 7 8 9 |  9.4
Dodging        | 1 2 3 4 |  4.3
Stealth        | 1 2 3 5 |  5.1
Invocations    | 2 |  2.3

Action                   |  1- 3 |  4- 6 |  7- 9 | 10-12 || total
-------------------------+-------+-------+-------+-------++-------
Melee: War axe           |   135 |   125 |   312 |   905 ||  1477
       Kick              |       |       |       |   212 ||   212
Invok: Heroism           |       |       |     1 |    20 ||    21
  Use: Potion            |       |     2 |       |     4 ||     6
       Scroll            |       |       |     8 |     5 ||    13
 Stab: Distracted        |       |     4 |     4 |    12 ||    20
       Sleeping          |       |     3 |     4 |    15 ||    22
  Eat: Chunk             |     1 |     6 |    14 |    23 ||    44
       Ration            |       |       |     1 |     5 ||     6
Armor: Scale mail        |    94 |    39 |   108 |   267 ||   508
       Plate armour      |       |       |       |    37 ||    37
       Chain mail        |       |       |       |     6 ||     6
Dodge: Dodged            |    41 |    47 |   101 |   317 ||   506
Block: Shield            |    59 |    61 |   132 |   507 ||   759
       Buckler           |       |       |    11 |       ||    11

Table legend:
 A = Non-vault XP
 B = Vault XP
 C = Vault XP percentage of total XP
 D = Non-vault monster count
 E = Vault monster count
 F = Vault count percentage of total count
                 A         B        C        D         E       F
            +---------+---------+-------+---------+---------+-------
      Total |   18570 |   19037 |  50.6 |     333 |      81 |  19.6
            +---------+---------+-------+---------+---------+-------
        D:1 |      50 |       0 |   0.0 |      27 |       0 |   0.0
        D:2 |     126 |     212 |  62.7 |      25 |       1 |   3.8
        D:3 |     207 |      90 |  30.3 |      21 |       3 |  12.5
        D:4 |     637 |     144 |  18.4 |      15 |       1 |   6.2
        D:5 |     678 |      36 |   5.0 |      14 |       1 |   6.7
        D:6 |     659 |       2 |   0.3 |      22 |       2 |   8.3
        D:7 |    1498 |     199 |  11.7 |      26 |       1 |   3.7
        D:8 |    1054 |    3855 |  78.5 |      23 |      16 |  41.0
        D:9 |     910 |       0 |   0.0 |      23 |       0 |   0.0
       D:10 |    2212 |       0 |   0.0 |      19 |       0 |   0.0
       D:11 |    5490 |       0 |   0.0 |      59 |       0 |   0.0
       D:12 |    1038 |    3406 |  76.6 |      17 |      22 |  56.4
      Orc:1 |    2906 |    2706 |  48.2 |      19 |      14 |  42.4
      Orc:2 |    1105 |    4575 |  80.5 |      23 |       1 |   4.2
      IceCv |       0 |    3812 | 100.0 |       0 |      19 | 100.0
            +---------+---------+-------+---------+---------+-------
